 Dungeon Crawl Stone Soup version 0.19-a0-459-gb8ed64d (webtiles) character file.

1002 McCoppin the Covert (level 8, 0/52 HPs)
             Began as an Octopode Fighter on June 2, 2016.
             Was a Follower of Okawaru.
             Killed by divine providence
             ... invoked by an orc priest
              (13 damage)
             ... on level 5 of the Dungeon.
             The game lasted 00:16:52 (4710 turns).

McCoppin the Covert (Octopode Fighter)              Turns: 4710, Time: 00:16:53

Health: 0/52       AC:  1    Str: 16    XL:     8   Next: 20%
Magic:  8/8        EV: 11    Int: 10    God:    Okawaru [*.....]
Gold:   257        SH:  9    Dex: 13    Spells: 0 memorised, 7 levels left

rFire  . . .     SeeInvis .     h - +0 dagger (venom)
rCold  . . .     Gourm    .     b - +0 shield
rNeg   . . .     Faith    .     (helmet restricted)
rPois  .         Spirit   .     (no amulet)
rElec  .         Dismiss  .     s - ring of stealth
rCorr  .         Reflect  .     (no ring)
SustAt .         Harm     .     (no ring)
MR     .....                    (no ring)
Stlth  +++++++...               (no ring)
                                (no ring)
                                (no ring)
                                (no ring)

@: not resistant to hostile enchantments, extremely stealthy
A: almost no armour, amphibious, 8 rings, constrict 8, camouflage 1, gelatinous
body 1
a: Heroism, Renounce Religion


You were on level 5 of the Dungeon.
You worshipped Okawaru.
Okawaru was aware of your devotion.
You were hungry.

You visited 2 branches of the dungeon, and saw 6 of its levels.
You also visited: Sewer.

You collected 257 gold pieces.

Inventory:

Hand Weapons
 a - a +0 rapier
 h - a +0 dagger of venom (weapon)
 B - a +0 falchion of holy wrath
Armour
 b - a +0 shield (worn)
 w - a -2 large shield
Jewellery
 s - a ring of stealth (left tentacle)
Wands
 x - a wand of iceblast (6/15)
 y - a wand of digging (14/24)
 C - a wand of flame (30/48)
Scrolls
 i - 3 scrolls of teleportation
 j - 4 scrolls of remove curse
 n - 2 scrolls of random uselessness {unknown}
 o - 2 scrolls of recharging
 p - 3 scrolls of enchant weapon {unknown}
 r - a scroll of enchant armour
 t - 2 scrolls of blinking
 u - 2 scrolls of fear
 v - a scroll of amnesia {unknown}
 D - 2 scrolls of immolation {unknown}
Potions
 c - a potion of might
 e - 2 potions of curing
 f - 2 potions of brilliance
 g - 6 potions of flight
 m - a potion of haste
 z - a potion of magic {unknown}
Books
 A - a book of Frost

   Spells                             Type                      Level
   a - Freeze                         Ice                          1
   b - Throw Frost                    Conjuration/Ice              2
   c - Ozocubu's Armour               Charms/Ice                   3
   d - Throw Icicle                   Conjuration/Ice              4
   e - Summon Ice Beast               Ice/Summoning                4
Comestibles
 d - a bread ration
 k - 14 fruits
 l - a meat ration
 q - 2 beef jerkies


   Skills:
 - Level 3.4 Fighting
 + Level 5.7 Short Blades
 + Level 3.1 Dodging
 - Level 10.1 Stealth
 - Level 3.0 Shields


You had 7 spell levels left.
You didn't know any spells.

Dungeon Overview and Level Annotations

Branches:
Dungeon (5/15)             Temple (1/1) D:4

Altars:
Ashenzari
Elyvilon
Nemelex Xobeh
Okawaru
Qazlal
Ru
Sif Muna
Trog
Uskayaw
Vehumet
Yredelemnul
The Shining One

Annotations:
D:5 removeelyvilon's ghost, novice HOGl


Innate Abilities, Weirdness & Mutations

You cannot wear most types of armour.
You are amphibious.
You can wear up to eight rings at the same time.
You can use your tentacles to constrict eight enemies at once.
Your skin changes colour to match your surroundings (Stealth+).
Your rubbery body absorbs attacks. (AC +1)


Message History

The orc priest calls down the wrath of Beogh upon you.
Beogh smites you!
Things that are here:
a dagger; 5 tomahawks You hit the orc priest.
The orc priest is poisoned.
Your grab misses the orc priest. Your squeeze misses the orc priest.
The orc priest is lightly wounded.
The orc priest hits you with a flail.
You are too injured to fight recklessly!
Your shield prevents you from hitting the orc priest.
You grab the orc priest.
The orc priest is moderately wounded.
You constrict the orc priest.
The orc priest calls down the wrath of Beogh upon you.
Pain shoots through your body!
* * * LOW HITPOINT WARNING * * *
You feel better.
You constrict the orc priest.
The orc priest invokes the aid of Beogh against you.
Beogh smites you!
You die...

################### #
#.................# #
#.###..########.#.# ##
#.#<#..#........#.# (#
#.#)#..#.########.. .#
#.#.#..#........#..
.##############.#.#..########.#..
...............o@o>..#........#..
.##########.###.#.#..#.########..
.# #.# #.#.#..#........#..
.####### #.# #.#.# .########.#..
.....).## #.# #.#.# .............
######..# #.# #.#.# #.#######.)#.
##.# #.###.#+#'#.# #.... #.#
#.......... ####. #.# #..........
#.


You could see an orc priest and an orc wizard.

Vanquished Creatures
  Prince Ribbit (D:5)
  A big kobold (Sewer)
  2 giant frogs
  A jelly (D:4)
  2 howler monkeys
  A centaur zombie (D:4)
  A crimson imp (D:5)
  A hound (D:4)
  An orc priest (D:3)
  3 orc wizards
  11 adders
  4 gnolls (D:3)
  An ooze (D:4)
  3 worms (D:2)
  5 dart slugs
  5 giant geckos
  11 orcs
  3 ball pythons (D:3)
  6 bats
  10 giant cockroaches
  7 goblins
  6 hobgoblins
  10 jackals
  17 kobolds
  2 quokkas (D:3)
  2 giant gecko skeletons (D:5)
  5 giant newts
  A quokka skeleton (D:4)
  14 rats
137 creatures vanquished.

Notes
Turn   | Place    | Note
--------------------------------------------------------------
     0 | D:1      | McCoppin the Octopode Fighter began the quest for the Orb.
     0 | D:1      | Reached XP level 1. HP: 16/16 MP: 1/1
   362 | D:1      | Reached XP level 2. HP: 15/21 MP: 2/2
   531 | D:1      | Reached XP level 3. HP: 22/26 MP: 3/3
   873 | D:2      | Found a shattered altar of Ashenzari.
   880 | D:2      | Reached skill level 1 in Stealth
  1105 | D:2      | Reached XP level 4. HP: 4/31 MP: 4/4
  1374 | D:2      | Reached skill level 2 in Stealth
  1632 | D:2      | Reached skill level 3 in Stealth
  1938 | D:3      | Noticed a giant frog
  1970 | D:3      | Reached XP level 5. HP: 36/36 MP: 5/5
  1972 | D:3      | Reached skill level 4 in Stealth
  2139 | D:3      | Found a sacrificial altar of Ru.
  2188 | D:3      | Found a glowing drain.
  2191 | D:3      | Reached skill level 5 in Stealth
  2221 | Sewer    | Entered a sewer
  2274 | Sewer    | Noticed a big kobold
  2290 | Sewer    | Killed a big kobold
  2290 | Sewer    | Reached skill level 6 in Stealth
  2290 | Sewer    | Reached XP level 6. HP: 34/42 MP: 6/6
  2305 | Sewer    | Found a glowing silver altar of Zin.
  2729 | D:3      | Reached skill level 7 in Stealth
  2803 | D:4      | Reached XP level 7. HP: 28/46 MP: 7/7
  3004 | D:3      | Reached skill level 8 in Stealth
  3209 | D:4      | HP: 1/46 [centaur zombie (3)]
  3487 | D:4      | Reached skill level 5 in Short Blades
  3832 | D:4      | Found a staircase to the Ecumenical Temple.
  3851 | Temple   | Entered the Ecumenical Temple
  4036 | D:4      | Found a glowing golden altar of the Shining One.
  4048 | D:4      | Found a basalt altar of Yredelemnul.
  4050 | D:4      | Noticed a profane servitor
  4058 | D:4      | Noticed an angel
  4073 | D:5      | Entered Level 5 of the Dungeon
  4075 | D:5      | Noticed removeelyvilon's ghost (novice HOGl)
  4432 | D:5      | Reached skill level 9 in Stealth
  4456 | D:5      | Found an iron altar of Okawaru.
  4471 | D:5      | Became a worshipper of Warmaster Okawaru
  4473 | D:5      | Noticed Prince Ribbit
  4482 | D:5      | Killed Prince Ribbit
  4482 | D:5      | Reached XP level 8. HP: 52/52 MP: 8/8
  4538 | D:4      | Reached skill level 10 in Stealth
  4686 | D:5      | Reached * piety under Okawaru
  4710 | D:5      | Killed from afar by an orc priest

Vault maps used:
D:1:      lemuel_arrival_lava_pool, fountainhead, minmay_misc_feat_encased,
          serial_bayou_pond_b
D:2:      ashenzari_conservatory_becter, minmay_mini_jars
D:3:      hangedman_ru_absence, portal_sewer_entry_c, first_bread
D:4:      grunt_temple_overflow_holy_war, minmay_temple_entry_glassed_door
D:5:      lemuel_doored_altar, bh_chokoban, minivault_27,
          grunt_decor_resistance, uniq_blork_the_orc, uniq_prince_ribbit1,
          uniq_eustachio, uniq_pikel
Temple:   temple_island_7
Sewer:    sewer_kobolds

Skill      XL: |  1  2  3  4  5  6  7  8 |
---------------+-------------------------+-----
Short Blades   | 3 4 5 |  5.7
Stealth        | 1 3 6 7 9 10 | 10.1
Fighting       | |  3.4
Dodging        | |  3.1
Shields        | |  3.0

Action                   |  1- 3 |  4- 6 |  7- 9 || total
-------------------------+-------+-------+-------++-------
Melee: Rapier            |    27 |       |       ||    27
       Tentacles         |    17 |    15 |    24 ||    56
       Constrict         |    25 |    28 |    28 ||    81
       Dagger            |    39 |   115 |   125 ||   279
  Use: Potion            |       |     2 |     4 ||     6
       Scroll            |       |     7 |     3 ||    10
 Stab: Sleeping          |     7 |    21 |     1 ||    29
       Distracted        |     1 |       |     1 ||     2
  Eat: Chunk             |       |     5 |     2 ||     7
       Bread ration      |       |       |     1 ||     1
Armor: Skin              |     2 |     3 |     6 ||    11
Dodge: Dodged            |    19 |    39 |    46 ||   104
Block: Shield            |    14 |    42 |    44 ||   100
